Map: Magannatha LE

Players

jeannysu - Winner!

  • Race: Protoss Protoss
  • Spawn Location: 5:00

인공지능 칸 (정예)

  • Race: Zerg Zerg
  • Spawn Location: 11:00

VOD

Have the link to the VOD?

Description

Time

  • Played on: Sept. 29, 2025, 7:56 a.m.
  • Length: 12:21
Show
View Real Time Build Order
Export as new Build Order

jeannysu Protoss - Winner!

Build Orders: 1 Gate Expand, Oracle Opening 

Get SALT Encoding   

  12  0:00  Probe  
  13  0:15  Pylon  
  13  0:18  Probe  
  13  0:26  Probe  
  15  0:35  Gateway  
  15  0:39  Probe  
  16  0:45  Assimilator  
  16  0:51  Probe  
  17  1:02  Probe  
  18  1:10  Probe  
  19  1:18  Probe  
  20  1:36  Nexus  
  20  1:47  Cybernetics Core  
  20  1:53  Assimilator  
  20  1:56  Pylon  
  20  2:05  Probe  
  20  2:13  Probe  
  22  2:23  Probe, Adept  
  25  2:30  Stargate  
  25  2:35  Probe  
  26  2:39  Assimilator  
  26  2:44  Pylon  
  26  2:58  Probe x2  
  28  3:03  Oracle  
  28  3:06  Gateway  
  28  3:10  Probe  
  32  3:23  Gateway  
  32  3:26  Probe  
  33  3:28  Probe  
  34  3:48  Warp Gate  
  34  3:49  Adept  
  34  3:51  Probe  
  37  3:56  Probe  
  37  3:59  Probe  
  38  4:03  Assimilator  
  38  4:08  Probe  
  38  4:09  Probe  
  43  4:10  Oracle  
  44  4:19  Adept  
  44  4:21  Probe  
  47  4:33  Probe  
  47  4:35  Stalker  
  47  4:36  Probe  
  49  4:45  Probe, Twilight Council  
  51  4:48  Probe  
  51  4:49  Pylon  
  53  4:58  Probe  
  55  5:07  Probe  
  55  5:10  Probe  
  56  5:19  Probe  
  57  5:22  Probe  
  58  5:31  Probe  
  59  5:43  Oracle  
  62  5:51  Pylon  
  62  5:52  Pylon  
  62  5:53  Gateway  
  62  5:57  Templar Archives  
  62  5:58  Forge  
  62  6:00  Pylon  
  62  6:05  Forge  
  62  6:11  Gateway  
  62  6:12  Gateway  
  62  6:13  Gateway  
  62  6:31  Nexus  
  62  6:38  Pylon  
  62  6:43  Assimilator  
  62  6:44  Stalker x2  
  62  6:45  Stalker  
  68  7:07  Stalker x4  
  68  7:08  Stalker x2  
  80  7:24  Psionic Storm  
  80  7:26  Stalker  
  82  7:33  Protoss Ground Armor Level 1, Protoss Ground Weapons Level 1  
  82  7:42  Probe  
  82  7:43  Probe x2  
  85  7:49  Blink  
  85  7:55  Probe x3  
  88  8:04  Stalker x3  
  88  8:05  Stalker x3  
  100  8:06  Stalker  
  100  8:07  Probe  
  103  8:44  Stalker x3  
  109  9:07  Pylon  
  109  9:08  Pylon  
  109  9:10  Pylon  
  109  9:11  Pylon  
  109  9:14  Pylon  
  109  9:17  Pylon  
  109  9:19  Pylon  
  109  9:20  Pylon  
  109  9:22  Pylon  
  109  9:27  Probe  
  109  9:28  Probe x2  
  112  9:34  Assimilator  
  112  9:38  High Templar  
  112  9:39  Probe, High Templar x3  
  112  9:40  Probe  
  112  9:41  Zealot x3  
  129  9:51  Probe, Charge  
  129  9:52  Probe  
  131  9:58  Pylon  
  129  10:00  Pylon  
  129  10:01  Probe  
  129  10:03  Protoss Shields Level 1  
  129  10:07  Stalker x3  
  127  10:27  Stalker x4  
  135  10:51  Stalker x7  
  149  12:05  Stalker x4  
  149  12:06  Stalker x3  
Show
View Real Time Build Order
Export as new Build Order

인공지능 칸 (정예) Zerg 

Build Orders: Pool First 

Get SALT Encoding   

  12  0:00  Drone  
  13  0:12  Overlord  
  13  0:16  Drone  
  14  0:30  Drone x2  
  16  0:41  Spawning Pool  
  15  0:45  Drone  
  15  0:49  Drone  
  17  1:10  Hatchery  
  16  1:12  Drone  
  16  1:16  Extractor  
  16  1:18  Drone  
  17  1:22  Drone  
  18  1:27  Drone  
  19  1:38  Overlord  
  19  1:49  Drone  
  19  1:51  Queen  
  22  1:59  Zergling x2  
  23  2:10  Drone  
  24  2:21  Drone, Queen  
  27  2:29  Roach Warren  
  26  2:34  Drone  
  26  2:36  Extractor  
  26  2:39  Drone  
  27  2:45  Overlord  
  27  2:48  Drone  
  28  2:51  Drone  
  28  2:54  Drone  
  28  2:57  Drone  
  31  3:04  Drone, Zergling x2  
  33  3:07  Zergling x2  
  33  3:11  Roach  
  36  3:16  Roach  
  36  3:19  Roach  
  40  3:23  Roach  
  40  3:26  Drone  
  43  3:28  Drone  
  43  3:34  Overlord  
  44  3:48  Spore Crawler  
  42  3:50  Queen  
  42  3:51  Spore Crawler  
  42  3:52  Zergling x2  
  42  3:54  Drone  
  45  3:56  Drone  
  46  4:03  Lair  
  46  4:09  Drone  
  47  4:11  Drone  
  47  4:14  Drone  
  47  4:16  Drone  
  50  4:18  Drone  
  51  4:32  Overlord  
  51  4:50  Drone x8  
  59  5:03  Overlord, Infestation Pit  
  59  5:04  Drone  
  59  5:08  Overlord  
  59  5:13  Drone, Hydralisk Den  
  60  5:21  Zergling x6, Roach x2  
  60  5:23  Overlord  
  60  5:24  Queen  
  60  5:26  Drone  
  60  5:27  Drone  
  64  5:29  Drone  
  64  5:31  Drone  
  64  5:32  Drone  
  64  5:34  Drone  
  57  5:37  Drone  
  57  5:39  Drone  
  57  5:41  Drone  
  55  5:45  Drone  
  55  5:48  Drone  
  57  5:51  Drone  
  57  5:54  Drone  
  57  5:56  Drone  
  60  6:00  Drone x2  
  60  6:02  Drone  
  63  6:04  Drone  
  63  6:06  Drone  
  63  6:08  Drone  
  63  6:11  Roach  
  68  6:13  Roach  
  70  6:21  Hive  
  70  6:23  Hydralisk  
  72  6:26  Hydralisk  
  72  6:30  Hydralisk  
  76  6:32  Overlord  
  76  6:34  Drone  
  76  6:36  Drone  
  76  6:37  Drone  
  79  6:40  Infestor  
  79  6:43  Infestor  
  83  6:51  Overlord, Roach  
  85  6:57  Metabolic Boost  
  85  7:00  Extractor  
  85  7:01  Drone x2  
  82  7:02  Drone, Evolution Chamber  
  82  7:05  Drone  
  82  7:06  Drone  
  71  7:12  Hatchery  
  69  7:21  Drone  
  70  7:23  Drone  
  70  7:25  Drone  
  70  7:28  Drone  
  70  7:29  Zerg Melee Weapons Level 1  
  73  7:30  Drone  
  73  7:33  Drone  
  73  7:35  Drone  
  76  7:37  Drone  
  76  7:39  Drone  
  76  7:42  Drone  
  76  7:44  Drone  
  80  7:49  Drone  
  80  7:50  Drone  
  82  7:53  Overseer  
  82  7:56  Drone  
  82  7:58  Drone  
  84  8:00  Drone  
  84  8:01  Drone  
  86  8:11  Evolution Chamber  
  85  8:14  Spire  
  81  8:20  Drone  
  81  8:22  Drone  
  81  8:23  Drone  
  73  8:30  Queen  
  73  8:34  Drone  
  72  8:36  Drone  
  72  8:37  Zerg Missile Weapons Level 1  
  72  8:40  Drone  
  73  8:43  Drone  
  73  8:44  Drone  
  73  8:47  Drone  
  76  8:49  Drone  
  76  8:52  Drone  
  76  8:54  Drone  
  79  8:56  Drone  
  79  8:58  Drone  
  79  9:00  Drone  
  79  9:02  Drone  
  83  9:04  Drone  
  83  9:05  Drone  
  83  9:07  Drone  
  83  9:09  Drone  
  87  9:11  Drone  
  87  9:15  Drone  
  87  9:16  Drone  
  81  9:20  Drone  
  81  9:22  Drone x2, Zergling x2  
  81  9:23  Zerg Ground Armor Level 1  
  80  9:25  Drone  
  80  9:27  Drone  
  82  9:32  Drone  
  82  9:36  Drone  
  82  9:38  Drone  
  85  9:42  Drone  
  86  9:47  Drone  
  86  9:48  Drone  
  86  9:50  Zergling x2, Corruptor  
  86  9:51  Drone  
  92  9:54  Drone, Corruptor  
  92  9:55  Drone, Overlord  
  92  9:58  Zergling x2  
  96  10:00  Drone  
  96  10:05  Drone  
  98  10:08  Drone  
  98  10:11  Drone  
  94  10:15  Drone  
  94  10:18  Infestor  
  94  10:19  Zergling x2, Drone, Roach  
  83  10:22  Roach  
  83  10:23  Hydralisk  
  83  10:24  Zergling x4  
  83  10:26  Infestor  
  81  10:30  Zergling x2  
  81  10:33  Zergling x2, Extractor  
  81  10:34  Extractor  
  81  10:38  Zergling x2  
  81  10:40  Zergling x2, Extractor  
  80  10:44  Zergling x2  
  80  10:47  Hydralisk, Zergling x2  
  80  10:48  Drone  
  80  10:49  Ultralisk Cavern, Roach  
  86  10:51  Drone, Queen  
  86  10:52  Zergling x2, Roach  
  86  10:55  Hydralisk  
  93  10:59  Overlord  
  92  11:10  Drone  
  69  11:13  Roach  
  69  11:18  Roach  
  56  11:21  Drone  
  44  11:26  Drone  
  44  11:27  Hydralisk, Drone, Roach  
  42  11:35  Zergling x2  
Tags
 
Add a new tag
Caveats
  • Supply blocks, unpowered buildings, or Contaminate may cause inaccurate times.
  • Supply counts are checked every 10 seconds.